 Dungeon Crawl Stone Soup version 0.32-a0-996-gb3226c233f (webtiles) character file.

Game seed: 6175226828329893144

156 Ijustatesigmund the Cleaver (level 5, -8/47 HPs)
             Began as a Mountain Dwarf Monk on Apr 23, 2024.
             Killed by nerve-wracking pain
             ... invoked by an orc priest
              (11 damage)
             ... on level 3 of the Dungeon.
             The game lasted 00:06:05 (3166 turns).

Ijustatesigmund the Cleaver (Mountain Dwarf Monk)   Turns: 3166, Time: 00:06:06

Health: -8/47      AC:  3    Str: 11 (14) XL:     5   Next: 14%
Magic:  5/5        EV:  9    Int:  9 (12) God:
Gold:   95         SH:  8    Dex: 11 (12) Spells: 4/4 levels left

rFire   . . .        a - +0 hand axe
rCold   . . .        o - +0 kite shield
rNeg    . . .        b - +0 leather armour
rPois   .            (no helmet)
rElec   .            (no cloak)
rCorr   .            (no gloves)
SInv    .            (no boots)
Will    .....        (no amulet)
Stlth   +            w - ring of wizardry
HPRegen 0.27/turn    (no ring)
MPRegen 0.09/turn

%: wizardry (x1)
@: attractive, studying Shields
A: runic magic, artefact enchanting, hooves 1, frail 1, sturdy frame 1
a: Convert to Beogh


You were on level 3 of the Dungeon.
You visited 1 branch of the dungeon, and saw 3 of its levels.

You collected 144 gold pieces.
You spent 49 gold pieces at shops.

Inventory:

Hand Weapons
 a - a +0 hand axe (weapon)
Armour
 b - a +0 leather armour (worn)
 d - an orb of light
 l - a +0 buckler
 o - a +0 kite shield (worn)
Jewellery
 w - a ring of wizardry (left hand)
Scrolls
 f - a scroll of torment {unknown}
 i - a scroll of silence {unknown}
 j - 2 scrolls of identify {unknown}
 k - 2 scrolls of fog {unknown}
 m - a scroll of fear {unknown}
 n - a scroll of revelation {unknown}
 q - a scroll of enchant weapon {unknown}
 u - a scroll of blinking {unknown}
 y - 2 scrolls of teleportation {unknown}
Potions
 e - a potion of lignification
 h - a potion of invisibility {unknown}
 r - a potion of heal wounds {unknown}
 t - a potion of resistance {unknown}
 v - a potion of berserk rage {unknown}
 x - a potion of degeneration


   Skills:
 - Level 8.0 Fighting
 - Level 8.7 Axes
 - Level 1.0 Armour
 - Level 2.1 Dodging
 - Level 0.6 Stealth
 + Level 3.1 Shields


You had 4 spell levels left.
You didn't know any spells.
Your spell library contained the following spells:

 Spells                   Type           Power      Damage    Failure   Level
 Apportation              Tloc           0%         N/A       52%         1
 Shock                    Conj/Air       0%         1d3       52%         1
 Jinxbite                 Hex            0%         N/A       67%         2
 Swiftness                Air            0%         N/A       87%         3
 Airstrike                Air            0%         2d(0-16)  99%         4
 Alistair's Intoxication  Alch           0%         N/A       100%        5


Dungeon Overview and Level Annotations

Branches:
Dungeon (3/15)

Altars:
Ru
Trog
Xom

Shops:
D:1 *[(


Innate Abilities, Weirdness & Mutations

Your spellcasting is much less encumbered by armour.
You can use scrolls of enchantment on lesser artefacts.
You have large cloven feet.
You are frail. (-10% HP)
Your movements are slightly less encumbered by armour. (ER -2)


Message History

The orc priest hits you with a +0 mace.
* * * LOW HITPOINT WARNING * * *
You hit the orc priest but do no damage.
The orc priest is moderately wounded.
The orc priest threatens, "Beogh's wrath is as vast as their mercy.
Make your choice!" x2
The orc priest hits you with a +0 mace.
* * * LOW HITPOINT WARNING * * *
The orc priest threatens, "Beogh's wrath is as vast as their mercy.
Make your choice!"
You hit the orc priest.
The orc priest is heavily wounded.
You block the orc priest's attack.
You feel better.
The orc priest looks encouraged for a moment.
You hit the orc priest but do no damage.
The orc priest is heavily wounded.
The orc priest hits you with a +0 mace.
* * * LOW HITPOINT WARNING * * *
You hit the orc priest.
The orc priest is severely wounded.
The orc priest hits you but does no damage.
It was a potion of mutation.
You feel extremely strange.
Your feet thicken and deform.
You feel frail.
You feel less encumbered by your armour.
The orc priest looks braver for a moment.
You hit the orc priest.
You kick the orc priest, but do no damage.
The orc priest is severely wounded.
The orc priest threatens, "Beogh's wrath is as vast as their mercy.
Make your choice!" The orc priest closely misses you.
You closely miss the orc priest.
You kick the orc priest, but do no damage.
The orc priest is severely wounded.
The orc priest calls down the wrath of Beogh upon you.
Beogh smites you!
* * * LOW HITPOINT WARNING * * *
It was a potion of attraction.
You feel attractive to monsters.
The orc priest calls down the wrath of Beogh upon you.
Pain shoots through your body!
You die...

. ... .. #.
######..... ... #.
##..@oo..... # #..
#.#####..###J.....
####.##.#...).##
...._
#.......#.#######
._.. ........#.#
.... ...
..........# #.#..
.⌠
....<....####.....
.
#..............#.#
..........)...#..#


You could see an orc priest, an orc and an endoplasm.

Vanquished Creatures
  4 adders
  4 gnolls (D:3)
  2 dart slugs
  3 orcs (D:3)
  6 endoplasms
  2 giant cockroaches (D:1)
  5 goblins
  4 hobgoblins
  3 jackals (D:1)
  A quokka (D:1)
  3 ball pythons (D:1)
  4 bats
  9 frilled lizards
  2 kobolds (D:1)
  4 rats
56 creatures vanquished.

Notes
Turn   | Place    | Note
-------+----------+-------------------------------------------
     0 | D:1      | Ijustatesigmund the Mountain Dwarf Monk began the quest for
                  | the Orb.
     0 | D:1      | Reached XP level 1. HP: 19/19 MP: 1/1
   130 | D:1      | Found Uryebroc's General Store.
   142 | D:1      | Reached XP level 2. HP: 18/26 MP: 2/2
   148 | D:1      | Reached XP level 3. HP: 12/40 MP: 3/3
   809 | D:1      | Found a faded altar of an unknown god.
  1109 | D:1      | Found Cuntemo's Armour Emporium.
  1211 | D:1      | Found Ameud's Weapon Emporium.
  1355 | D:1      | Bought a +0 buckler for 49 gold pieces
  1689 | D:2      | Reached skill level 1 in Armour
  1764 | D:2      | Identified the +12 dagger "Kaankish" {venom, rElec rN+
                  | rCorr Str+3}
  1782 | D:2      | Reached XP level 4. HP: 45/48 MP: 4/4
  2389 | D:2      | Found a shimmering altar of Xom.
  2572 | D:2      | Reached skill level 1 in Shields
  2869 | D:3      | Reached XP level 5. HP: 16/53 MP: 5/5
  3144 | D:3      | Found a bloodstained altar of Trog.
  3144 | D:3      | Found a sacrificial altar of Ru.
  3146 | D:3      | HP: 1/53 [orc priest/nerve-wracking pain (12)]
  3158 | D:3      | HP: 2/53 [orc priest/+0 mace (6)]
  3163 | D:3      | Gained mutation: You have large cloven feet. [potion of
                  | mutation]
  3163 | D:3      | Gained mutation: You are frail. (-10% HP) [potion of
                  | mutation]
  3163 | D:3      | Gained mutation: Your movements are slightly less
                  | encumbered by armour. (ER -2) [potion of mutation]
  3166 | D:3      | Killed from afar by an orc priest

Illustrated notes

Levels and vault maps discovered:
D:1:      spicycebolla_green_bress_n_ham, layout_basic,
          ebering_ecumenical_altar_box, serial_shops,
          nicolae_shop_advertising_works [nicolae_subvault_shop_adworks], shop,
          nicolae_shop_rolling_square
D:2:      layout_loops_corners, basic_altar, minmay_diced_spiral
D:3:      layout_rooms, mainiacjoe_overflow_alcove_2, grunt_temple_overflow_open

Skill      XL: |  1  2  3  4  5 |
---------------+----------------+-----
Fighting       | 7 8 |  8.0
Axes           | 8 |  8.7
Armour         | 1 |  1.0
Shields        | 2 3 |  3.1
Dodging        | |  2.1
Stealth        | |  0.6

Action                     |  1- 3 |  4- 6 || total
---------------------------+-------+-------++-------
  Melee: Hand axe          |    94 |    86 ||   180
         Kick              |       |     2 ||     2
    Use: Potion            |     2 |     8 ||    10
   Stab: Sleeping          |     1 |       ||     1
 Armour: Robe              |    43 |     6 ||    49
         Skin              |    22 |       ||    22
         Leather armour    |       |    48 ||    48
  Dodge: Dodged            |    53 |    29 ||    82
  Block: Buckler           |     5 |     2 ||     7
         Kite shield       |       |    16 ||    16

Table legend: (Time is in decaauts)
 A = Elapsed time spent in this place.
 B = Non-inter-level travel time spent in this place.
 C = Inter-level travel time spent in this place.
 D = Time resting spent in this place.
 E = Time spent auto-exploring this place.
 F = Levels seen in this place.
 G = Mean time per level.
                   A        B        C        D        E       F      G
               +--------+--------+--------+--------+--------+-----+--------+
         Total |   3162 |   3083 |     79 |    932 |   1712 |   3 | 1054.0 |
       Dungeon |   3162 |   3083 |     79 |    932 |   1712 |   3 | 1054.0 |
               +--------+--------+--------+--------+--------+-----+--------+

Top non-repeatable levels by time:
     D:1: 1378 daAuts
     D:2: 1302 daAuts
     D:3: 482 daAuts
